 Dungeon Crawl Stone Soup version 0.30-a0-121-gb27577e5d9 (webtiles) character file.

Game seed: 4535557125808341499

34 IdlyInterested the Trooper (level 3, -3/30 HPs)
             Began as a Demonspawn Fighter on Sept 14, 2022.
             Slain by Sigmund
             ... wielding a +1 vorpal scythe
              (9 damage)
             ... on level 2 of the Dungeon.
             The game lasted 00:04:33 (1632 turns).

IdlyInterested the Trooper (Demonspawn Fighter)     Turns: 1632, Time: 00:04:34

Health: -3/30      AC: 13    Str: 18    XL:     3   Next: 14%
Magic:  3/3        EV:  4    Int:  9    God:
Gold:   59         SH:  8    Dex: 12    Spells: 2/2 levels left

rFire   . . .      SeeInvis .    a - +0 flail
rCold   . . .      Faith    .    c - +0 buckler
rNeg    . . .      Spirit   .    o - +1 plate armour
rPois   .          Reflect  .    (no helmet)
rElec   .          Harm     .    (no cloak)
rCorr   .          Rampage  .    e - +0 pair of gloves
Will    .....                    (no boots)
Stlth   ..........               (no amulet)
HPRegen 0.10/turn                (no ring)
MPRegen 0.08/turn                (no ring)

@: mighty
A: large bone plates 1
a: no special abilities


You were on level 2 of the Dungeon.
You visited 1 branch of the dungeon, and saw 2 of its levels.

You collected 59 gold pieces.

Inventory:

Hand Weapons
 a - a +0 flail (weapon)
 m - a +2 dagger of speed
Missiles
 k - a throwing net (quivered)
Armour
 c - a +0 buckler (worn)
 e - a +0 pair of gloves (worn)
 o - a +1 plate armour (worn)
Scrolls
 j - a scroll of identify
Potions
 b - a potion of invisibility {unknown}
 g - a potion of curing


   Skills:
 * Level 3.7 Fighting
 * Level 2.6 Maces & Flails
 - Level 2.6 Armour
 - Level 2.6 Shields


You had 2 spell levels left.
You didn't know any spells.
Your spell library contained the following spells:

 Spells                   Type           Power      Damage    Failure   Level
 Summon Small Mammal      Summ           0%         N/A       100%        1
 Call Canine Familiar     Summ           0%         N/A       100%        3
 Summon Guardian Golem    Hex/Summ       0%         N/A       100%        3


Dungeon Overview and Level Annotations

Branches:
Dungeon (2/15)

Altars:

Annotations:
D:2 Sigmund


Innate Abilities, Weirdness & Mutations

You are partially covered in large bone plates. (SH +4)


Message History

You hit Sigmund.
Sigmund is lightly wounded.
Sigmund hits you with a +1 vorpal scythe.
You hit Sigmund.
Sigmund is moderately wounded.
Sigmund hits you but does no damage.
You hit Sigmund.
Sigmund is moderately wounded.
Sigmund hits you but does no damage.
You barely miss Sigmund.
Sigmund is moderately wounded.
Sigmund gestures at you while chanting. The puff of flame hits you.
You barely miss Sigmund.
Sigmund is moderately wounded.
You block Sigmund's attack.
You barely miss Sigmund.
Sigmund is moderately wounded.
Sigmund gestures wildly while chanting.
Sigmund flickers and vanishes!
Deactivating autopickup; reactivate with Ctrl-A.
You barely miss something. You block something's attack.
You barely miss something. Something hits you but does no damage.
You miss something.
You hear some strange, mumbled words.
You are confused.
You completely miss something. Something hits you!
* * * LOW HITPOINT WARNING * * *
x2 You feel better.
Something hits you.
* * * LOW HITPOINT WARNING * * *
You feel very mighty all of a sudden. Something hits you.
* * * LOW HITPOINT WARNING * * *
x2 You feel better.
You closely miss something. Something hits you but does no damage.
You sock something! Something hits you but does no damage.
You barely miss something. Something hits you!
* * * LOW HITPOINT WARNING * * *
x2 You closely miss something.
Something hits you!
You die...

#.#####.##.#
#........#.#
#################..#.#
.............####..#.#
############.#.....#.#
#.#.###.#.# #.# #.#.#
#.#.###.#.#
#.#.{@..#.#
#.#.#####.#
#.#######.#
#.........#
###########


There were no monsters in sight!

Vanquished Creatures
  2 worms (D:2)
  2 endoplasms
  3 hobgoblins
  2 kobolds (D:1)
  A quokka (D:1)
  2 ball pythons (D:1)
  4 bats
  5 frilled lizards
  4 goblins (D:1)
  6 rats
31 creatures vanquished.

Notes
Turn   | Place    | Note
-------+----------+-------------------------------------------
     0 | D:1      | IdlyInterested the Demonspawn Fighter began the quest for
                  | the Orb.
     0 | D:1      | Reached XP level 1. HP: 18/18 MP: 1/1
    18 | D:1      | You fall into a shaft and drop 1 floor!
   174 | D:2      | Found a faded altar of an unknown god.
   270 | D:2      | Gained mutation: You are partially covered in large bone
                  | plates. (SH +4) [demonic ancestry]
   270 | D:2      | Reached XP level 2. HP: 24/24 MP: 2/2
  1050 | D:1      | Reached XP level 3. HP: 24/29 MP: 3/3
  1609 | D:2      | Noticed Sigmund
  1632 | D:2      | Slain by Sigmund

Illustrated notes

Levels and vault maps discovered:
D:1:      minmay_arrival_five_plusses, layout_loops_ring
D:2:      layout_basic, ebering_ecumenical_altar_abandoned, uniq_sigmund

Skill      XL: |  1 |
---------------+----+-----
Maces & Flails | 2 |  2.6
Fighting       | |  3.7
Armour         | |  2.6
Shields        | |  2.6

Action                   || total
-------------------------++-------
Melee: Flail             ||    97
  Use: Scroll            ||     6
       Potion            ||     3
Armor: Scale mail        ||    19
       Plate armour      ||    20
Dodge: Dodged            ||    21
Block: Buckler           ||    24

Table legend: (Time is in decaauts)
 A = Elapsed time spent in this place.
 B = Non-inter-level travel time spent in this place.
 C = Inter-level travel time spent in this place.
 D = Time resting spent in this place.
 E = Time spent auto-exploring this place.
 F = Levels seen in this place.
 G = Mean time per level.
                   A        B        C        D        E       F      G
               +--------+--------+--------+--------+--------+-----+--------+
         Total |   1662 |   1549 |    113 |    100 |   1047 |   2 |  831.0 |
       Dungeon |   1662 |   1549 |    113 |    100 |   1047 |   2 |  831.0 |
               +--------+--------+--------+--------+--------+-----+--------+

Top non-repeatable levels by time:
     D:1: 1158 daAuts
     D:2: 504 daAuts
